 Dungeon Crawl Stone Soup version 0.17-b1-18-g553e9fc (webtiles) character file.

14688 Kloppie the Cleaver (level 11, -1/105 HPs)
             Began as a Minotaur Berserker on Nov 4, 2015.
             Was a High Priest of Trog.
             Slain by a komodo dragon (14 damage)
             ... on level 2 of the Lair of Beasts.
             The game lasted 00:21:31 (8517 turns).

Kloppie the Cleaver (Minotaur Berserker)            Turns: 8517, Time: 00:21:31

Health: -1/105     AC: 20    Str: 26    XL:     11   Next: 92%
Magic:  10/10      EV: 12    Int:  4    God:    Trog [*****.]
Gold:   524        SH:  0    Dex:  9    Spells: 0 memorised, 10 levels left

rFire  + . .     SeeInvis .     a - +7 executioner's axe (venom)
rCold  + . .     Clarity  +     g - +4 ring mail of Menekaas {rF+ Regen+}
rNeg   . . .     SustAt   .     (shield currently unavailable)
rPois  .         Gourm    .     (helmet restricted)
rElec  .         Spirit   .     (no cloak)
rCorr  .         Warding  .     c - +1 pair of gloves
rMut   .         Stasis   .     l - +0 pair of boots
MR     ++...                    E - amulet of clarity
Stlth  +.........               j - ring of protection from cold
                                I - +4 ring of protection

@: regenerating, very resistant to hostile enchantments, very unstealthy
A: retaliatory headbutt, horns 2
a: Berserk, Trog's Hand, Brothers in Arms, Burn Spellbooks, Renounce Religion


You were on level 2 of the Lair of Beasts.
You worshipped Trog.
Trog was extremely pleased with you.
You were not hungry.

You visited 2 branches of the dungeon, and saw 11 of its levels.

You collected 524 gold pieces.

Inventory:

Hand Weapons
 a - a +7 executioner's axe of venom (weapon)
 b - a +0 war axe of electrocution
 J - a +2 hand axe of venom
Armour
 c - a +1 pair of gloves (worn)
 g - the +4 ring mail of Menekaas (worn) {rF+ Regen+}
   (You found it on level 7 of the Dungeon)

   It protects you from fire.
   It increases your rate of regeneration.
 l - a +0 pair of boots (worn)
Jewellery
 j - a ring of protection from cold (right hand)
 u - an uncursed amulet of resist mutation
 C - an uncursed ring of fire
 E - an amulet of clarity (around neck)
 H - an uncursed ring of sustain attributes
 I - a +4 ring of protection (left hand)
 N - a cursed amulet of inaccuracy {unknown}
Wands
 y - a wand of confusion (26)
 F - a wand of fire (6)
 L - a wand of flame (23)
 O - a wand of slowing (17)
 P - a wand of draining (11)
Scrolls
 d - a scroll of enchant weapon
 f - 4 scrolls of teleportation
 i - 3 scrolls of magic mapping
 k - 2 scrolls of identify
 n - 2 scrolls of blinking
 r - 3 scrolls of recharging
 v - a scroll of fear
 w - a scroll of summoning {unknown}
 B - a scroll of fog
 D - 3 scrolls of remove curse
Potions
 e - a potion of magic
 h - 7 potions of curing
 o - 7 potions of heal wounds
 q - 3 potions of flight
 s - 3 potions of agility
 z - a potion of lignification
 G - 3 potions of brilliance
 K - a potion of haste
Books
 x - a book of Enchantments

   Spells                             Type                      Level
   a - Cause Fear                     Hexes                        4
   b - Silence                        Hexes/Air                    5
   c - Deflect Missiles               Charms/Air                   6
   d - Haste                          Charms                       6
   e - Discord                        Hexes                        8
   Trog disapproves of the use of such an item.
 M - a book of Conjurations

   Spells                             Type                      Level
   a - Magic Dart                     Conjuration                  1
   b - Searing Ray                    Conjuration                  2
   c - Dazzling Spray                 Conjuration/Hexes            3
   d - Fulminant Prism                Conjuration/Hexes            4
   e - Iskenderun's Mystic Blast      Conjuration                  4
   f - Iskenderun's Battlesphere      Conjuration/Charms           5
   Trog disapproves of the use of such an item.
Comestibles
 m - a beef jerky
 p - 2 royal jellies
 t - 5 meat rations
 A - 7 bread rations
 Q - 4 chunks of flesh


   Skills:
 + Level 12.7 Fighting
 + Level 13.8 Axes
 + Level 13.3 Armour
 - Level 3.1 Dodging


You had 10 spell levels left.
You didn't know any spells.

Dungeon Overview and Level Annotations

Branches:
Dungeon (9/15)             Temple (0/1) D:5            Lair (2/8) D:9
    Orc (0/4) D:9

Altars:
Ashenzari
Fedhas
Nemelex Xobeh
Okawaru
Ru
Vehumet
The Shining One


Innate Abilities, Weirdness & Mutations

You reflexively headbutt those who attack you in melee.
You have a pair of horns on your head.


Message History

You headbutt the komodo dragon. The komodo dragon closely misses you.
You hit the komodo dragon.
The komodo dragon is moderately wounded.
You chop the komodo dragon into pieces!!!
The komodo dragon is poisoned.
The komodo dragon is almost dead.
The komodo dragon bites you. The komodo dragon bites you!
* * * LOW HITPOINT WARNING * * *
The komodo dragon bites you but does no damage.
You are too injured to fight recklessly!
You are too injured to fight recklessly!
You are too injured to fight recklessly!
Your skin crawls.
You feel resistant to hostile enchantments.
You feel slightly more hungry. The iguana bites you.
* * * LOW HITPOINT WARNING * * *
The komodo dragon bites you!!
* * * LOW HITPOINT WARNING * * *
The komodo dragon bites you!
You die...

.###...###.)........ ## #..##
#P.........
##..#####...............
###...##..............)...
.....<...........P.....P.
............†.###.P.....
............###.####..#####
..........P##..l#.##.##..!#
..........##...l@.......###
.........###...l##........##
....##.#.#...... #.........#
....###P.##..... ##...###P.#
...## ##..####.? ##......# .†.#
#.###.########.†.†## #
.†.#####..P......##.####..#...#
.................................
....................P............


You could see 2 komodo dragons and an iguana.

Vanquished Creatures
  A hydra (Lair:1)
  5 elephants (Lair:2)
  A black mamba (Lair:1)
  2 spiny frogs
  5 komodo dragons (Lair:2)
  A fire drake (Lair:1)
  A troll (D:9)
  Prince Ribbit (D:6)
  A two-headed ogre (D:9)
  17 blink frogs
  Sigmund (D:3)
  4 yaks (Lair:2)
  A shadow (D:7)
  A basilisk (Lair:2)
  5 hippogriffs
  A hungry ghost (D:7)
  A wolf (Lair:1)
  A warg (D:9)
  2 water moccasins
  5 porcupines
  2 orc warriors (D:9)
  A phantom (D:6)
  A black bear (D:9)
  5 centaurs
  3 ogres
  3 crocodiles
  A big kobold (D:9)
  4 giant frogs
  A wyvern skeleton (D:9)
  A scorpion (D:7)
  5 killer bees (D:8)
  2 giant frog zombies
  3 jellies
  4 crimson imps
  8 orc priests
  6 iguanas
  A quasit (D:8)
  2 hounds
  A giant frog skeleton (D:5)
  4 orc wizards
  A centaur skeleton (D:8)
  9 worker ants
  5 sheep (Lair:1)
  A hound skeleton (D:8)
  9 adders
  27 river rats
  8 gnolls
  An ooze (D:1)
  An adder skeleton (D:5)
  5 worms
  4 giant geckos
  23 orcs
  4 ball pythons
  8 bats
  3 giant cockroaches
  9 goblins
  6 hobgoblins
  8 jackals
  6 kobolds
  4 quokkas
  A giant gecko skeleton (D:5)
  14 giant newts
  7 rats
  A fungus (Lair:1)
280 creatures vanquished.

Vanquished Creatures (others)
  A fungus (Lair:2)
  A plant (Lair:1)
2 creatures vanquished.

Grand Total: 282 creatures vanquished

Notes
Turn   | Place    | Note
--------------------------------------------------------------
     0 | D:1      | Kloppie the Minotaur Berserker began the quest for the Orb.
     0 | D:1      | Reached XP level 1. HP: 19/19 MP: 0/0
   170 | D:1      | Reached skill level 4 in Axes
   186 | D:1      | Reached XP level 2. HP: 10/26 MP: 1/1
   517 | D:1      | Reached ** piety under Trog
   517 | D:1      | Reached XP level 3. HP: 20/31 MP: 2/2
  1269 | D:2      | Reached skill level 5 in Axes
  1269 | D:2      | Reached XP level 4. HP: 37/39 MP: 3/3
  1739 | D:2      | Reached *** piety under Trog
  1878 | D:3      | Reached XP level 5. HP: 45/45 MP: 4/4
  2162 | D:3      | Found a faded altar to an unknown god.
  2205 | D:3      | Noticed Sigmund
  2219 | D:3      | Killed Sigmund
  2219 | D:3      | Received a gift from Trog
  2219 | D:3      | Reached skill level 6 in Axes
  2219 | D:3      | Reached skill level 5 in Armour
  2219 | D:3      | Reached XP level 6. HP: 51/51 MP: 5/5
  2635 | D:4      | Found a blossoming altar of Fedhas.
  2649 | D:4      | Reached skill level 7 in Axes
  3401 | D:4      | Found an iron altar of Okawaru.
  3476 | D:4      | Reached XP level 7. HP: 49/57 MP: 6/6
  3593 | D:5      | Entered Level 5 of the Dungeon
  3764 | D:5      | Found a staircase to the Ecumenical Temple.
  4453 | D:6      | Found a glowing golden altar of the Shining One.
  4484 | D:6      | Reached skill level 5 in Fighting
  4484 | D:6      | Reached skill level 8 in Axes
  4492 | D:6      | Reached XP level 8. HP: 31/69 MP: 7/7
  4766 | D:6      | Noticed Prince Ribbit
  4791 | D:6      | Killed Prince Ribbit
  4834 | D:6      | Found a sparkling altar of Nemelex Xobeh.
  5038 | D:7      | Reached skill level 9 in Axes
  5048 | D:7      | Got a smelly ring mail
  5065 | D:7      | Reached **** piety under Trog
  5167 | D:7      | Reached XP level 9. HP: 51/79 MP: 8/8
  5168 | D:7      | Found a radiant altar of Vehumet.
  5383 | D:7      | Identified the +4 ring mail of Menekaas {rF+ Regen+} (You found it on level 7 of the Dungeon)
  5612 | D:8      | Found a shattered altar of Ashenzari.
  5644 | D:8      | Reached skill level 10 in Axes
  5995 | D:8      | Reached ***** piety under Trog
  5996 | D:8      | Found a sacrificial altar of Ru.
  6182 | D:8      | Reached skill level 10 in Armour
  6311 | D:9      | Found a staircase to the Orcish Mines.
  6321 | D:9      | Reached skill level 11 in Axes
  6329 | D:9      | Reached XP level 10. HP: 62/91 MP: 9/9
  6616 | D:9      | Found a staircase to the Lair.
  6839 | Lair:1   | Entered Level 1 of the Lair of Beasts
  6841 | Lair:1   | Noticed a black mamba
  6850 | Lair:1   | Killed a black mamba
  6855 | Lair:1   | Reached skill level 10 in Fighting
  7139 | Lair:1   | Received a gift from Trog
  7139 | Lair:1   | Reached skill level 12 in Axes
  7485 | Lair:1   | Noticed a four-headed hydra
  7505 | Lair:1   | Killed a four-headed hydra
  7505 | Lair:1   | Reached XP level 11. HP: 68/102 MP: 10/10
  7928 | Lair:2   | Reached skill level 13 in Axes
  8373 | Lair:2   | Received a gift from Trog
  8517 | Lair:2   | Slain by a komodo dragon

Action                   |  1- 3 |  4- 6 |  7- 9 | 10-12 || total
-------------------------+-------+-------+-------+-------++-------
Melee: Hand axe          |    88 |   159 |   277 |    33 ||   557
       Executioner's axe |       |       |       |   143 ||   143
       War axe           |       |       |       |    25 ||    25
       Unarmed           |       |       |       |     6 ||     6
Invok: Berserk           |     1 |     1 |     3 |     1 ||     6
       Trog's Hand       |       |       |     2 |     2 ||     4
       Brothers in Arms  |       |       |       |     2 ||     2
  Use: Potion            |     1 |       |       |       ||     1
       Scroll            |       |       |    22 |     4 ||    26
  Eat: Chunk             |     1 |     4 |    10 |    10 ||    25
       Bread ration      |       |     1 |     1 |       ||     2
